AoeStats
← ITA | Raffy

Coastal Forest

503187864Analyzed
4v4 RM · 1mo ago on Aug 30, 2026· 16m 19s· 8 players
Game mode
Random Map
Map size
Large (8 player)
Population
200
Speed
Normal
Resources
Standard
Victory
Conquest
Starting age
Dark Age
Ending age
Imperial Age
RankedLock teamsTeams togetherTeam positionsShared explorationLock speedFull tech treeHidden civsTurbo modeCheats
Victory
Defeat
🇲🇽 Ethiopians · Mexico
1381
+17
🇮🇹 Magyars · Italy
1380
+17
1371
+17
🇧🇴 Bulgarians · Bolivia
1367
+18
🇭🇰 Malay · Hong Kong SAR China
1516
-22
🇭🇰 Goths · Hong Kong SAR China
1481
-21
🇭🇰 Magyars · Hong Kong SAR China
1430
-19
🇨🇳 Mongols · China
1184
-8
Seifer
3:29 Loom
9:28 Feudal Age
9:59 Double-Bit Axe
14:13 Gold Mining
16:05 Fletching
电脑人-偷家鸡鸡短三寸-
11:59 Feudal Age
13:09 Loom
16:10 Castle Age
14:38 Double-Bit Axe
yecjoel
10:14 Feudal Age
11:22 Loom
13:45 Forging
14:23 Scale Mail Armor
15:00 Horse Collar
ITA | Raffy
6:37 Loom
9:02 Feudal Age
9:37 Double-Bit Axe
10:08 Horse Collar
kenny yip
4:54 Loom
10:05 Feudal Age
10:43 Double-Bit Axe
CloseDoorYan
6:39 Loom
10:31 Feudal Age
10:37 Man-at-Arms
11:54 Double-Bit Axe
还有遗憾吗
10:14 Feudal Age
10:44 Loom
14:14 Bloodlines
happy伯
10:23 Feudal Age
11:19 Feudal Age
15:25 Castle Age
14:05 Fishing Lines
15:01 Fletching
15:40 Double-Bit Axe
16:37 Bow Saw
17:04 Medium Warships
Connection lost

Rejoining the realm…

Still unreachable

The connection could not be restored.

Session expired

The server has moved on; the page needs a fresh start.